| TOP OF THE 1ST |
|
Philadelphia Phillies batting - Pitching for St. Louis Cardinals : LHP Steve Carlton
|
|
Pitching: LHP Steve Carlton
|
|
|
Batting: RHB Andy Ramirez
|
0-0: Ball 1-0: Foul Ball, location: 2F 1-1: Foul Ball, location: 2F 1-2: Fly out, F7 (Flyball, 7LS, EV 92.5 MPH)
|
|
Batting: RHB Paul Molitor
|
0-0: Ball 1-0: Ball 2-0: Called Strike 2-1: Ball 3-1: Fly out, F8 (Flyball, 8LM, EV 86.9 MPH)
|
|
Batting: LHB Tony Gwynn
|
0-0: Swinging Strike 0-1: Ground out 4-3 (Groundball, 4, EV 83.8 MPH)
|
| Top of the 1st over - 0 runs, 0 hits, 0 errors, 0 left on base; Philadelphia 0 - St. Louis 0 |
| BOTTOM OF THE 1ST |
|
St. Louis Cardinals batting - Pitching for Philadelphia Phillies : RHP Al Dopfel
|
|
Pitching: RHP Al Dopfel
|
|
|
Batting: SHB Otis Nixon
|
0-0: Called Strike 0-1: Ball 1-1: Ball 2-1: Ball 3-1: Foul Ball, location: 2F 3-2: Foul Ball, location: 2F 3-2: Strikes out swinging, 2-3 out at first.
|
|
Batting: LHB Jim Gantner
|
0-0: Ball 1-0: Called Strike 1-1: Called Strike 1-2: Ball 2-2: Foul Ball, location: 2F 2-2: Fly out, F6 (Flyball, 6MD, EV 83.1 MPH)
|
|
Batting: RHB Sixto Lezcano
|
0-0: SINGLE (Groundball, 56D, EV 101.9 MPH)
|
|
Batting: LHB Pat Putnam
|
0-0: Ball 1-0: Called Strike 1-1: Ball 2-1: Ground out U3 (Groundball, 3L, EV 108.8 MPH)
|
| Bottom of the 1st over - 0 runs, 1 hit, 0 errors, 1 left on base; Philadelphia 0 - St. Louis 0 |
| TOP OF THE 2ND |
|
Philadelphia Phillies batting - Pitching for St. Louis Cardinals : LHP Steve Carlton
|
|
Batting: RHB Candy Maldonado
|
0-0: DOUBLE (Line Drive, 78D, EV 111.3 MPH)
|
|
Batting: LHB Ken Phelps
|
0-0: Called Strike 0-1: SINGLE (Flyball, 3D, EV 90.0 MPH) Candy Maldonado to third
|
|
Batting: RHB Andre Dawson
|
0-0: Foul Ball, location: 2F 0-1: Foul Ball, location: 2F 0-2: Ball 1-2: SINGLE (Line Drive, 56D, EV 101.9 MPH) Candy Maldonado scores Ken Phelps to second
|
|
Batting: LHB Lou Whitaker
|
0-0: Swinging Strike 0-1: Ball 1-1: Foul Ball, location: 2F 1-2: Ball 2-2: Strikes out looking
|
|
Batting: RHB Jody Davis
|
0-0: Ball 1-0: Called Strike 1-1: Fly out, F8 (Flyball, 8RD, EV 95.6 MPH)
|
|
Batting: RHB Al Dopfel
|
0-0: Called Strike 0-1: Called Strike 0-2: Foul Ball, location: 2F 0-2: Ball 1-2: Strikes out looking
|
| Top of the 2nd over - 1 run, 3 hits, 0 errors, 2 left on base; Philadelphia 1 - St. Louis 0 |
| BOTTOM OF THE 2ND |
|
St. Louis Cardinals batting - Pitching for Philadelphia Phillies : RHP Al Dopfel
|
|
Batting: RHB Joe Torre
|
0-0: Ball 1-0: Foul Ball, location: 2F 1-1: Called Strike 1-2: Strikes out swinging
|
|
Batting: LHB Mike Davis
|
0-0: Ground out U3 (Groundball, 3S, EV 62.5 MPH)
|
|
Batting: RHB Bob Watson
|
0-0: Ball 1-0: Called Strike 1-1: Ball 2-1: Ground out 6-3 (Groundball, 6, EV 86.9 MPH)
|
| Bottom of the 2nd over - 0 runs, 0 hits, 0 errors, 0 left on base; Philadelphia 1 - St. Louis 0 |
| TOP OF THE 3RD |
|
Philadelphia Phillies batting - Pitching for St. Louis Cardinals : LHP Steve Carlton
|
|
Batting: RHB Andy Ramirez
|
0-0: Ball 1-0: Called Strike 1-1: Fly out, F9 (Flyball, 9S, EV 86.3 MPH)
|
|
Batting: RHB Paul Molitor
|
0-0: Ground out 5-3 (Groundball, 56S, EV 70.6 MPH)
|
|
Batting: LHB Tony Gwynn
|
0-0: Ball 1-0: Fly out, F7 (Flyball, 78D, EV 91.9 MPH)
|
| Top of the 3rd over - 0 runs, 0 hits, 0 errors, 0 left on base; Philadelphia 1 - St. Louis 0 |
| BOTTOM OF THE 3RD |
|
St. Louis Cardinals batting - Pitching for Philadelphia Phillies : RHP Al Dopfel
|
|
Batting: SHB Billy E Smith
|
0-0: Called Strike 0-1: Foul Ball, location: 2F 0-2: Ball 1-2: Foul Ball, location: 2F 1-2: Ground out 6-3 (Groundball, 56, EV 105.6 MPH)
|
|
Batting: LHB Steve Carlton
|
0-0: Foul Ball, location: 2F 0-1: Ball 1-1: Ball 2-1: Foul Ball, location: 2F 2-2: Fly out, F8 (Line Drive, 8LM, EV 90.0 MPH)
|
|
Batting: SHB Otis Nixon
|
0-0: Ball 1-0: Swinging Strike 1-1: Ball 2-1: Swinging Strike 2-2: Strikes out swinging
|
| Bottom of the 3rd over - 0 runs, 0 hits, 0 errors, 0 left on base; Philadelphia 1 - St. Louis 0 |
| TOP OF THE 4TH |
|
Philadelphia Phillies batting - Pitching for St. Louis Cardinals : LHP Steve Carlton
|
|
Batting: RHB Candy Maldonado
|
0-0: Foul Ball, location: 2F 0-1: Ball 1-1: Ball 2-1: Called Strike 2-2: Strikes out looking
|
|
Batting: LHB Ken Phelps
|
0-0: Ball 1-0: Fly out, F8 (Line Drive, 8LD, EV 88.8 MPH)
|
|
Batting: RHB Andre Dawson
|
0-0: Ground out 6-3 (Groundball, 6, EV 88.8 MPH)
|
| Top of the 4th over - 0 runs, 0 hits, 0 errors, 0 left on base; Philadelphia 1 - St. Louis 0 |
| BOTTOM OF THE 4TH |
|
St. Louis Cardinals batting - Pitching for Philadelphia Phillies : RHP Al Dopfel
|
|
Batting: LHB Jim Gantner
|
0-0: Fly out, F8 (Flyball, 8LD, EV 91.9 MPH)
|
|
Batting: RHB Sixto Lezcano
|
0-0: Ball 1-0: Swinging Strike 1-1: Ball 2-1: Ground out U3 (Groundball, 3, EV 85.0 MPH)
|
|
Batting: LHB Pat Putnam
|
0-0: Called Strike 0-1: Ball 1-1: Foul Ball, location: 2F 1-2: Strikes out swinging
|
| Bottom of the 4th over - 0 runs, 0 hits, 0 errors, 0 left on base; Philadelphia 1 - St. Louis 0 |
| TOP OF THE 5TH |
|
Philadelphia Phillies batting - Pitching for St. Louis Cardinals : LHP Steve Carlton
|
|
Batting: LHB Lou Whitaker
|
0-0: Called Strike 0-1: Swinging Strike 0-2: Ball 1-2: Ball 2-2: Foul Ball, location: 2F 2-2: Ground out 4-3 (Groundball, 4, EV 85.0 MPH)
|
|
Batting: RHB Jody Davis
|
0-0: Ground out 6-3 (Groundball, 6, EV 92.5 MPH)
|
|
Batting: RHB Al Dopfel
|
0-0: Ball 1-0: Foul Ball, location: 2F 1-1: Foul Ball, location: 2F 1-2: Ball 2-2: Foul Ball, location: 2F 2-2: Strikes out looking
|
| Top of the 5th over - 0 runs, 0 hits, 0 errors, 0 left on base; Philadelphia 1 - St. Louis 0 |
| BOTTOM OF THE 5TH |
|
St. Louis Cardinals batting - Pitching for Philadelphia Phillies : RHP Al Dopfel
|
|
Batting: RHB Joe Torre
|
0-0: Ball 1-0: Called Strike 1-1: Ball 2-1: Fly out, F8 (Flyball, 8RS, EV 91.3 MPH)
|
|
Batting: LHB Mike Davis
|
0-0: Ball 1-0: Swinging Strike 1-1: SINGLE (Groundball, 25, EV 73.1 MPH) (infield hit)
|
|
Batting: RHB Bob Watson
|
0-0: Called Strike 0-1: Foul Ball, location: 2F 0-2: Ball 1-2: Fly out, F7 (Flyball, 7S, EV 85.0 MPH)
|
|
Batting: SHB Billy E Smith
|
0-0: Called Strike Mike Davis steals 2nd base (no throw) 0-1: Ground out 6-3 (Groundball, 6, EV 85.0 MPH)
|
| Bottom of the 5th over - 0 runs, 1 hit, 0 errors, 1 left on base; Philadelphia 1 - St. Louis 0 |
| TOP OF THE 6TH |
|
Philadelphia Phillies batting - Pitching for St. Louis Cardinals : LHP Steve Carlton
|
|
Batting: RHB Andy Ramirez
|
0-0: Ball 1-0: Fly out, F9 (Flyball, 9S, EV 85.0 MPH)
|
|
Batting: RHB Paul Molitor
|
0-0: Called Strike 0-1: Ball 1-1: Ball 2-1: Ball 3-1: Called Strike 3-2: Ground out 4-3 (Groundball, 4S, EV 83.8 MPH)
|
|
Batting: LHB Tony Gwynn
|
0-0: Called Strike 0-1: Called Strike 0-2: Strikes out swinging
|
| Top of the 6th over - 0 runs, 0 hits, 0 errors, 0 left on base; Philadelphia 1 - St. Louis 0 |
| BOTTOM OF THE 6TH |
|
St. Louis Cardinals batting - Pitching for Philadelphia Phillies : RHP Al Dopfel
|
|
Batting: LHB Steve Carlton
|
0-0: Foul Ball, location: 2F 0-1: Ball 1-1: Called Strike 1-2: Ball 2-2: Foul Ball, location: 2F 2-2: Ball 3-2: Strikes out swinging
|
|
Batting: SHB Otis Nixon
|
0-0: SINGLE (Groundball, 6MS, EV 70.6 MPH) (infield hit)
|
|
Batting: LHB Jim Gantner
|
0-0: Called Strike 0-1: SINGLE (Flyball, 7LS, EV 94.4 MPH) Otis Nixon to second
|
|
Batting: RHB Sixto Lezcano
|
0-0: Called Strike Otis Nixon steals 3rd base Jim Gantner to second 0-1: Ball 1-1: Ball 2-1: Swinging Strike 2-2: Foul Ball, location: 2F 2-2: SINGLE (Groundball, 3L, EV 97.5 MPH) Otis Nixon scores Jim Gantner to third Runner from 3rd tries for Home, SAFE, throw by RF to home
|
|
Batting: LHB Pat Putnam
|
0-0: Called Strike 0-1: Ball 1-1: Swinging Strike 1-2: Strikes out looking
|
|
Batting: RHB Joe Torre
|
0-0: Ball 1-0: Called Strike 1-1: Ball Sixto Lezcano steals 2nd base (no throw) 2-1: Fly out, F8 (Flyball, 8LM, EV 87.5 MPH)
|
| Bottom of the 6th over - 2 runs, 3 hits, 0 errors, 1 left on base; Philadelphia 1 - St. Louis 2 |
| TOP OF THE 7TH |
|
Philadelphia Phillies batting - Pitching for St. Louis Cardinals : LHP Steve Carlton
|
|
Batting: RHB Candy Maldonado
|
0-0: Ball 1-0: Called Strike 1-1: Fly out, F8 (Flyball, 8LD, EV 98.8 MPH)
|
|
Batting: LHB Ken Phelps
|
0-0: Called Strike 0-1: Ground out 6-3 (Groundball, 6M, EV 101.3 MPH)
|
|
Batting: RHB Andre Dawson
|
0-0: Foul Ball, location: 2F 0-1: Ball 1-1: Called Strike 1-2: Ball 2-2: Strikes out swinging
|
| Top of the 7th over - 0 runs, 0 hits, 0 errors, 0 left on base; Philadelphia 1 - St. Louis 2 |
| BOTTOM OF THE 7TH |
|
St. Louis Cardinals batting - Pitching for Philadelphia Phillies : RHP Al Dopfel
|
|
Batting: LHB Mike Davis
|
0-0: Swinging Strike 0-1: Swinging Strike 0-2: Strikes out swinging
|
|
Batting: RHB Bob Watson
|
0-0: Ball 1-0: Fly out, F7 (Line Drive, 7, EV 91.9 MPH)
|
|
Batting: SHB Billy E Smith
|
0-0: Called Strike 0-1: Foul Ball, location: 2F 0-2: Strikes out swinging
|
| Bottom of the 7th over - 0 runs, 0 hits, 0 errors, 0 left on base; Philadelphia 1 - St. Louis 2 |
| TOP OF THE 8TH |
|
Philadelphia Phillies batting - Pitching for St. Louis Cardinals : LHP Steve Carlton
|
|
Batting: LHB Lou Whitaker
|
0-0: Called Strike 0-1: Ground out 5-3 (Groundball, 5, EV 82.5 MPH)
|
|
Batting: RHB Jody Davis
|
0-0: Foul Ball, location: 2F 0-1: Called Strike 0-2: Ball 1-2: Ball 2-2: Ball 3-2: Ground out 6-3 (Groundball, 6, EV 91.3 MPH)
|
|
Pinch Hitting: RHB Dan Thomas
|
0-0: Swinging Strike 0-1: Swinging Strike 0-2: Strikes out looking
|
| Top of the 8th over - 0 runs, 0 hits, 0 errors, 0 left on base; Philadelphia 1 - St. Louis 2 |
| BOTTOM OF THE 8TH |
|
St. Louis Cardinals batting - Pitching for Philadelphia Phillies : RHP Al Dopfel
|
|
Pitching: RHP Tom Hume
|
|
|
Pinch Hitting: RHB Pascual D'Annunzio
|
0-0: Ball 1-0: Foul Ball, location: 2F 1-1: Ball 2-1: Ball 3-1: Called Strike 3-2: Ground out U3 (Groundball, 3, EV 79.4 MPH)
|
|
Batting: SHB Otis Nixon
|
0-0: Ball 1-0: Foul Ball, location: 2F 1-1: Fly out, F1 (Line Drive, P, EV 60.0 MPH)
|
|
Batting: LHB Jim Gantner
|
0-0: Ground out 4-3 (Groundball, 34, EV 106.9 MPH)
|
| Bottom of the 8th over - 0 runs, 0 hits, 0 errors, 0 left on base; Philadelphia 1 - St. Louis 2 |
| TOP OF THE 9TH |
|
Philadelphia Phillies batting - Pitching for St. Louis Cardinals : LHP Steve Carlton
|
|
Pitching: RHP Larry Andersen
|
|
|
Now at 2B: Steve Lubratich
|
|
|
Now in LF: Mookie Wilson
|
|
|
Batting: RHB Andy Ramirez
|
0-0: Called Strike 0-1: Ball 1-1: Ball 2-1: Foul Ball, location: 2F 2-2: Ball 3-2: Base on Balls
|
|
Batting: RHB Paul Molitor
|
0-0: Called Strike 0-1: Fly out, F9 (Flyball, 89M, EV 81.9 MPH)
|
|
Batting: LHB Tony Gwynn
|
0-0: Called Strike 0-1: Ball 1-1: Fielders Choice at 2nd, 5-4 (Groundball, 56, EV 79.4 MPH)
|
|
Batting: RHB Candy Maldonado
|
0-0: Foul Ball, location: 2F 0-1: Ground out 4-3 (Groundball, 34, EV 80.6 MPH)
|
| Top of the 9th over - 0 runs, 0 hits, 0 errors, 1 left on base; Philadelphia 1 - St. Louis 2 |
|